NWL (28 & UNDER)
RED DEER WRANGLERS @ BISMARCK BARONS
09/15/2027
 
TOP OF THE 1ST
Red Deer Wranglers batting - Pitching for Bismarck Barons : RHP Francisco Anaya
Pitching: RHP Francisco Anaya
Batting: RHB Art Cameron 0-0: Fly out, F9 (Flyball, 9)
Batting: LHB Jorge Olvera 0-0: Ball
1-0: Ball
2-0: Ball
3-0: Called Strike
3-1: Base on Balls
Batting: RHB Luis Ibarra 0-0: Called Strike
0-1: Swinging Strike
0-2: Ball
1-2: SINGLE (Groundball, 4S) (infield hit)
Jorge Olvera to second
Batting: LHB Fred Abrams 0-0: Foul Ball, location: 2F
0-1: Ball
1-1: Foul Ball, location: 2F
1-2: Foul Ball, location: 2F
1-2: Strikes out looking
Batting: LHB Russell Peck 0-0: Ball
1-0: Ball
2-0: Called Strike
2-1: Called Strike
2-2: Strikes out swinging, 2-3 out at first.
Top of the 1st over - 0 run(s), 1 hit(s), 0 error(s), 2 left on base; Red Deer 0 - Bismarck 0
BOTTOM OF THE 1ST
Bismarck Barons batting - Pitching for Red Deer Wranglers : RHP William Bryant
Pitching: RHP William Bryant
Batting: SHB Álex Hernández 0-0: Ball
1-0: SINGLE (Flyball, 7LS)
Batting: LHB John Frost 0-0: Ball
Álex Hernández steals 2nd base
1-0: Foul Ball, location: 2F
1-1: Called Strike
1-2: Ball
2-2: Ball
3-2: Base on Balls
Batting: RHB Michael Thomas 0-0: DOUBLE (Line Drive, 9LD)
Álex Hernández scores
John Frost to third
Batting: LHB José Martínez 0-0: Ball
1-0: Ball
2-0: Ball
3-0: Called Strike
3-1: Swinging Strike
3-2: Strikes out swinging
Batting: LHB Jesús Bueno 0-0: Ball
1-0: Ball
2-0: Called Strike
2-1: Foul Ball, location: 2F
2-2: Ball
3-2: Base on Balls
Batting: SHB Manuel Hegnauer 0-0: Ball
1-0: Called Strike
1-1: Ball
2-1: Swinging Strike
2-2: Foul Ball, location: 2F
2-2: Ball
3-2: Fly out, F7 (Flyball, 7)
Runner from 3rd tags up, SCORES, no throw
Batting: SHB Jeff Chambers 0-0: Called Strike
0-1: Ball
1-1: Ball
2-1: Ball
3-1: Foul Ball, location: 2F
3-2: Fly out, F7 (Flyball, 7LSF)
Bottom of the 1st over - 2 run(s), 2 hit(s), 0 error(s), 2 left on base; Red Deer 0 - Bismarck 2
TOP OF THE 2ND
Red Deer Wranglers batting - Pitching for Bismarck Barons : RHP Francisco Anaya
Batting: RHB Luis Peña 0-0: Foul Ball, location: 2F
0-1: Ground out 6-3 (Groundball, 6M)
Batting: RHB Steve Burton 0-0: Called Strike
0-1: Called Strike
0-2: Strikes out looking
Batting: RHB Ricardo González 0-0: Called Strike
0-1: Swinging Strike
0-2: Ball
1-2: Ball
2-2: Strikes out swinging, 2-3 out at first.
Top of the 2nd over - 0 run(s), 0 hit(s), 0 error(s), 0 left on base; Red Deer 0 - Bismarck 2
BOTTOM OF THE 2ND
Bismarck Barons batting - Pitching for Red Deer Wranglers : RHP William Bryant
Now in LF: Luis Peña
Batting: RHB Fernando Castellanos 0-0: Ball
1-0: Called Strike
1-1: Swinging Strike
1-2: Ball
2-2: Ball
3-2: Strikes out looking
Batting: RHB Felipe Domínguez 0-0: Ball
1-0: Called Strike
1-1: Ball
2-1: Ball
3-1: Foul Ball, location: 2F
3-2: Fly out, F6 (Line Drive, 6)
Batting: SHB Álex Hernández 0-0: Swinging Strike
0-1: SINGLE (Flyball, 89S)
Batting: LHB John Frost 0-0: Ball
1-0: Called Strike
Álex Hernández steals 2nd base
1-1: Ball
2-1: Swinging Strike
2-2: Ball
3-2: Fly out, F8 (Line Drive, 8RXD)
Bottom of the 2nd over - 0 run(s), 1 hit(s), 0 error(s), 1 left on base; Red Deer 0 - Bismarck 2
TOP OF THE 3RD
Red Deer Wranglers batting - Pitching for Bismarck Barons : RHP Francisco Anaya
Batting: RHB Ben Fisher 0-0: Ball
1-0: Called Strike
1-1: Ball
2-1: Called Strike
2-2: Strikes out swinging
Batting: RHB Art Cameron 0-0: Called Strike
0-1: Called Strike
0-2: Foul Ball, location: 2F
0-2: Ball
1-2: SINGLE (Line Drive, 56)
Batting: LHB Jorge Olvera 0-0: Ball
Art Cameron is caught stealing 2nd base
1-0: Ball
2-0: Foul Ball, location: 2F
2-1: Foul Ball, location: 2F
2-2: Ground out 6-3 (Groundball, 6)
Top of the 3rd over - 0 run(s), 1 hit(s), 0 error(s), 0 left on base; Red Deer 0 - Bismarck 2
BOTTOM OF THE 3RD
Bismarck Barons batting - Pitching for Red Deer Wranglers : RHP William Bryant
Batting: RHB Michael Thomas 0-0: Foul Ball, location: 2F
0-1: SINGLE (Line Drive, 89S)
Batting: LHB José Martínez 0-0: Foul Ball, location: 2F
0-1: Ball
1-1: Ball
2-1: Called Strike
Michael Thomas steals 2nd base
2-2: Foul Ball, location: 2F
2-2: Ball
3-2: Foul Ball, location: 2F
3-2: SINGLE (Line Drive, 4D)
Michael Thomas to third
Runner from 3rd tries for Home, SAFE, throw made home
José Martínez to second
Batting: LHB Jesús Bueno 0-0: Called Strike
0-1: Ball
1-1: Ball
2-1: Ball
3-1: Fly out, F3 (Line Drive, 3S)
Batting: SHB Manuel Hegnauer 0-0: Ball
1-0: Ball
2-0: DOUBLE (Line Drive, 9LM)
José Martínez scores
Batting: SHB Jeff Chambers 0-0: Foul Ball, location: 2F
0-1: Swinging Strike
0-2: Strikes out swinging
Batting: RHB Fernando Castellanos 0-0: Ball
1-0: Called Strike
1-1: Ground out 1-3 (Groundball, P)
Bottom of the 3rd over - 2 run(s), 3 hit(s), 0 error(s), 1 left on base; Red Deer 0 - Bismarck 4
TOP OF THE 4TH
Red Deer Wranglers batting - Pitching for Bismarck Barons : RHP Francisco Anaya
Batting: RHB Luis Ibarra 0-0: Swinging Strike
0-1: Ball
1-1: Ball
2-1: Foul Ball, location: 2F
2-2: Foul Ball, location: 2F
2-2: Fly out, F9 (Flyball, 9LDF)
Batting: LHB Fred Abrams 0-0: Fly out, F8 (Flyball, 8RD)
Batting: LHB Russell Peck 0-0: Swinging Strike
0-1: Foul Ball, location: 2F
0-2: Ball
1-2: Ground out 4-3 (Groundball, 34)
Top of the 4th over - 0 run(s), 0 hit(s), 0 error(s), 0 left on base; Red Deer 0 - Bismarck 4
BOTTOM OF THE 4TH
Bismarck Barons batting - Pitching for Red Deer Wranglers : RHP William Bryant
Batting: RHB Felipe Domínguez 0-0: Ball
1-0: Ball
2-0: Ball
3-0: Called Strike
3-1: Foul Ball, location: 2F
3-2: Foul Ball, location: 2F
3-2: Strikes out looking
Batting: SHB Álex Hernández 0-0: Ball
1-0: SINGLE (Line Drive, 34D)
Batting: LHB John Frost 0-0: Foul Ball, location: 2F
0-1: SINGLE (Groundball, 6MD)
Álex Hernández to second
Runner from 2nd tries for 3rd, SAFE, no throw
Batting: RHB Michael Thomas 0-0: Ball
1-0: Called Strike
1-1: Swinging Strike
1-2: Fly out, F4 (Popup, 4MD)
Batting: LHB José Martínez 0-0: Ball
1-0: Foul Ball, location: 2F
1-1: Ball
2-1: Foul Ball, location: 2F
2-2: Ground out U3 (Groundball, 3)
Bottom of the 4th over - 0 run(s), 2 hit(s), 0 error(s), 2 left on base; Red Deer 0 - Bismarck 4
TOP OF THE 5TH
Red Deer Wranglers batting - Pitching for Bismarck Barons : RHP Francisco Anaya
Batting: RHB Luis Peña 0-0: Ball
1-0: Called Strike
1-1: Foul Ball, location: 2F
1-2: Foul Ball, location: 2F
1-2: Strikes out looking
Batting: RHB Steve Burton 0-0: Ball
1-0: SINGLE (Groundball, 56D)
Batting: RHB Ricardo González 0-0: Ball
1-0: Ball
2-0: Foul Ball, location: 2F
2-1: Ball
3-1: Base on Balls
Steve Burton to second
Batting: RHB Ben Fisher 0-0: Called Strike
0-1: Called Strike
0-2: Fly out, F9 (Flyball, 9S)
Batting: RHB Art Cameron 0-0: Foul Ball, location: 2F
0-1: Called Strike
0-2: Ball
1-2: Foul Ball, location: 2F
1-2: Ball
2-2: Ball
3-2: SINGLE (Line Drive, 34)
Steve Burton to third
Ricardo González to second
Steve Burton scores
Ricardo González to third
Batting: LHB Jorge Olvera 0-0: Ball
1-0: SINGLE (Groundball, 6MD)
Ricardo González scores
Art Cameron to second
Runner from 2nd tries for 3rd, SAFE, no throw
Batting: RHB Luis Ibarra 0-0: Called Strike
0-1: Ball
1-1: Fly out, F9 (Flyball, 9)
Top of the 5th over - 2 run(s), 3 hit(s), 0 error(s), 2 left on base; Red Deer 2 - Bismarck 4
BOTTOM OF THE 5TH
Bismarck Barons batting - Pitching for Red Deer Wranglers : RHP William Bryant
Pitching: RHP Simón Amejorado
Batting: LHB Jesús Bueno 0-0: Foul Ball, location: 2F
0-1: Ground out 4-3 (Groundball, 4D)
Batting: SHB Manuel Hegnauer 0-0: Ball
1-0: Foul Ball, location: 2F
1-1: Ball
2-1: Ball
3-1: Called Strike
3-2: Base on Balls
Batting: SHB Jeff Chambers 0-0: Ball
1-0: Ball
2-0: Called Strike
2-1: Ball
3-1: Base on Balls
Manuel Hegnauer to second
Batting: RHB Fernando Castellanos 0-0: Called Strike
0-1: Ball
1-1: Called Strike
1-2: Foul Ball, location: 2F
1-2: Ground out 5-3 (Groundball, 2L)
Manuel Hegnauer to third
Jeff Chambers to second
Batting: RHB Felipe Domínguez 0-0: Called Strike
0-1: Ball
1-1: Ball
2-1: Ground out 5-3 (Groundball, 5)
Bottom of the 5th over - 0 run(s), 0 hit(s), 0 error(s), 2 left on base; Red Deer 2 - Bismarck 4
TOP OF THE 6TH
Red Deer Wranglers batting - Pitching for Bismarck Barons : RHP Francisco Anaya
Batting: LHB Fred Abrams 0-0: Ground out 5-3 (Groundball, 56S)
Batting: LHB Russell Peck 0-0: Ground out 6-3 (Groundball, 6S)
Batting: RHB Luis Peña 0-0: Called Strike
0-1: Foul Ball, location: 2F
0-2: Ball
1-2: Ball
2-2: SOLO HOME RUN (Flyball, 78XD), Distance : 363 ft
Batting: RHB Steve Burton 0-0: Called Strike
0-1: Foul Ball, location: 2F
0-2: Ball
1-2: Ball
2-2: Fly out, F8 (Flyball, 8LM)
Top of the 6th over - 1 run(s), 1 hit(s), 0 error(s), 0 left on base; Red Deer 3 - Bismarck 4
BOTTOM OF THE 6TH
Bismarck Barons batting - Pitching for Red Deer Wranglers : RHP Simón Amejorado
Batting: SHB Álex Hernández 0-0: DOUBLE (Groundball, 3L)
Batting: LHB John Frost 0-0: Ground out U3 (Groundball, 34S)
Álex Hernández to third
Batting: RHB Michael Thomas 0-0: Called Strike
0-1: Ball
1-1: Foul Ball, location: 2F
1-2: Ball
2-2: Ball
3-2: Foul Ball, location: 2F
3-2: Base on Balls
Batting: LHB José Martínez 0-0: Called Strike
0-1: Ball
1-1: Called Strike
1-2: Ball
Michael Thomas steals 2nd base
2-2: Foul Ball, location: 2F
2-2: Strikes out looking
Batting: LHB Jesús Bueno 0-0: Fly out, F8 (Flyball, 8LM)
Bottom of the 6th over - 0 run(s), 1 hit(s), 0 error(s), 2 left on base; Red Deer 3 - Bismarck 4
TOP OF THE 7TH
Red Deer Wranglers batting - Pitching for Bismarck Barons : RHP Francisco Anaya
Pitching: RHP Dwayne Allen
Batting: RHB Ricardo González 0-0: Ball
1-0: Hit by Pitch
Batting: RHB Ben Fisher 0-0: Called Strike
0-1: SINGLE (Line Drive, 6MD)
Ricardo González to second
Batting: RHB Art Cameron 0-0: SINGLE (Groundball, 4D)
Ricardo González to third
Ben Fisher to second
Batting: LHB Jorge Olvera 0-0: Ball
1-0: Foul Ball, location: 2F
1-1: Called Strike
1-2: Strikes out looking
Pitching: RHP Armando Torres
Batting: RHB Luis Ibarra 0-0: Ball
1-0: Swinging Strike
1-1: Ball
2-1: Swinging Strike
2-2: SINGLE (Groundball, 56D)
Ricardo González scores
Ben Fisher to third
Art Cameron to second
Runner from 3rd tries for Home, SAFE, throw made home
Art Cameron to third
Luis Ibarra to second
Batting: LHB Fred Abrams 0-0: Intentional Walk
Batting: LHB Russell Peck 0-0: SINGLE (Line Drive, 3D)
Art Cameron scores
Luis Ibarra to third
Fred Abrams to second
Batting: RHB Luis Peña 0-0: Fly out, F7 (Flyball, 7)
Runner from 3rd tags up, SCORES, throw made
Batting: RHB Steve Burton 0-0: Ball
1-0: Swinging Strike
1-1: Foul Ball, location: 2F
1-2: SINGLE (Groundball, 56D)
Fred Abrams to third
Russell Peck to second
Runner from 3rd tries for Home, SAFE, no throw
Batting: RHB Ricardo González 0-0: Ball
1-0: Ball
2-0: Ball
3-0: Base on Balls
Russell Peck to third
Steve Burton to second
Batting: RHB Ben Fisher 0-0: Called Strike
0-1: Ball
1-1: Fly out, F8 (Flyball, 89S)
Top of the 7th over - 5 run(s), 5 hit(s), 0 error(s), 3 left on base; Red Deer 8 - Bismarck 4
BOTTOM OF THE 7TH
Bismarck Barons batting - Pitching for Red Deer Wranglers : RHP Simón Amejorado
Batting: SHB Manuel Hegnauer 0-0: Called Strike
0-1: Foul Ball, location: 2F
0-2: Ball
1-2: Foul Ball, location: 2F
1-2: SINGLE (Groundball, 6MD)
Batting: SHB Jeff Chambers 0-0: Called Strike
0-1: Foul Ball, location: 2F
0-2: Foul Ball, location: 2F
0-2: Ball
1-2: Fly out, F7 (Flyball, 7LM)
Batting: RHB Fernando Castellanos 0-0: Called Strike
0-1: Ball
Manuel Hegnauer is caught stealing 2nd base
1-1: Foul Ball, location: 2F
1-2: Strikes out swinging
Bottom of the 7th over - 0 run(s), 1 hit(s), 0 error(s), 0 left on base; Red Deer 8 - Bismarck 4
TOP OF THE 8TH
Red Deer Wranglers batting - Pitching for Bismarck Barons : RHP Armando Torres
Batting: RHB Art Cameron 0-0: Foul Ball, location: 2F
0-1: Ball
1-1: Ball
2-1: Ground out U3 (Groundball, 34S)
Batting: LHB Jorge Olvera 0-0: Called Strike
0-1: Foul Ball, location: 2F
0-2: Foul Ball, location: 2F
0-2: Ball
1-2: Ball
2-2: Foul Ball, location: 2F
2-2: Ball
3-2: DOUBLE (Flyball, 78D)
Batting: RHB Luis Ibarra 0-0: Called Strike
0-1: Called Strike
0-2: Foul Ball, location: 2F
0-2: Strikes out looking
Batting: LHB Fred Abrams 0-0: Called Strike
0-1: Ball
1-1: Swinging Strike
1-2: Strikes out swinging
Top of the 8th over - 0 run(s), 1 hit(s), 0 error(s), 1 left on base; Red Deer 8 - Bismarck 4
BOTTOM OF THE 8TH
Bismarck Barons batting - Pitching for Red Deer Wranglers : RHP Simón Amejorado
Batting: RHB Felipe Domínguez 0-0: Foul Ball, location: 2F
0-1: Ball
1-1: Called Strike
1-2: Ground out 5-3 (Groundball, 5)
Batting: SHB Álex Hernández 0-0: Ball
1-0: Foul Ball, location: 2F
1-1: Ball
2-1: Called Strike
2-2: Foul Ball, location: 2F
2-2: Ball
3-2: Foul Ball, location: 2F
3-2: Foul Ball, location: 2F
3-2: Ground out 4-3 (Groundball, 4S)
Batting: LHB John Frost 0-0: Called Strike
0-1: Ball
1-1: Foul Ball, location: 2F
1-2: Ball
2-2: Ball
3-2: SINGLE (Line Drive, 3D)
Batting: RHB Michael Thomas 0-0: Swinging Strike
0-1: Swinging Strike
0-2: Ball
1-2: Ball
2-2: Ball
3-2: Base on Balls
John Frost to second
Pitching: RHP Ray Kimball
Batting: LHB José Martínez 0-0: Ball
1-0: Foul Ball, location: 2F
1-1: Foul Ball, location: 2F
1-2: Ball
2-2: Ball
3-2: Ground out 4-3 (Groundball, 4)
Bottom of the 8th over - 0 run(s), 1 hit(s), 0 error(s), 2 left on base; Red Deer 8 - Bismarck 4
TOP OF THE 9TH
Red Deer Wranglers batting - Pitching for Bismarck Barons : RHP Armando Torres
Batting: LHB Russell Peck 0-0: Ball
1-0: Ball
2-0: Called Strike
2-1: SOLO HOME RUN (Flyball, 9D), Distance : 365 ft
Pitching: RHP Neil Birss
Batting: RHB Luis Peña 0-0: Ball
1-0: Ground out 6-3 (Groundball, 6)
Batting: RHB Steve Burton 0-0: Ball
1-0: Foul Ball, location: 2F
1-1: SOLO HOME RUN (Flyball, 89XD), Distance : 364 ft
Batting: RHB Ricardo González 0-0: Ball
1-0: Fly out, F9 (Flyball, 9)
Batting: RHB Ben Fisher 0-0: Foul Ball, location: 2F
0-1: Foul Ball, location: 2F
0-2: Foul Ball, location: 2F
0-2: Ball
1-2: Foul Ball, location: 2F
1-2: Foul Ball, location: 2F
1-2: Strikes out swinging
Top of the 9th over - 2 run(s), 2 hit(s), 0 error(s), 0 left on base; Red Deer 10 - Bismarck 4
BOTTOM OF THE 9TH
Bismarck Barons batting - Pitching for Red Deer Wranglers : RHP Ray Kimball
Batting: LHB Jesús Bueno 0-0: Called Strike
0-1: Foul Ball, location: 2F
0-2: Strikes out swinging, 2-3 out at first.
Batting: SHB Manuel Hegnauer 0-0: Foul Ball, location: 2F
0-1: Foul Ball, location: 2F
0-2: Ball
1-2: Fly out, F8 (Line Drive, 89D)
Batting: SHB Jeff Chambers 0-0: Ball
1-0: Foul Ball, location: 2F
1-1: Ground out 6-3 (Groundball, 6)
Bottom of the 9th over - 0 run(s), 0 hit(s), 0 error(s), 0 left on base; Red Deer 10 - Bismarck 4
Thursday, March 30th, 2017 - OOTP Baseball 17.12 Build 75